 Dungeon Crawl Stone Soup version 0.17.0-8-gb983d21 (webtiles) character file.

515 RKaid the Covered (level 7, -3/61 HPs)
             Began as a Minotaur Fighter on Nov 9, 2015.
             Killed from afar by an orc wizard (8 damage)
             ... with a magic dart
             ... on level 4 of the Dungeon.
             The game lasted 00:05:31 (2659 turns).

RKaid the Covered (Minotaur Fighter)                Turns: 2659, Time: 00:05:31

Health: -3/61      AC:  7    Str: 26      XL:     7   Next: 0%
Magic:  6/6        EV:  9    Int:  8 (9)  God:
Gold:   212        SH: 10    Dex: 11      Spells: 0 memorised, 6 levels left

rFire  . . .     SeeInvis .     a - +0 war axe
rCold  . . .     Clarity  .     b - +0 scale mail
rNeg   . . .     SustAt   .     c - +0 shield
rPois  .         Gourm    .     (helmet restricted)
rElec  .         Spirit   .     (no cloak)
rCorr  .         Warding  .     (no gloves)
rMut   .         Stasis   .     (no boots)
MR     .....                    (no amulet)
Stlth  ..........               (no ring)
                                (no ring)

@: mighty, lethally poisoned (-3 -> -3), slowed, very slow, not resistant to
hostile enchantments, extremely unstealthy
A: retaliatory headbutt, hooves 1, horns 2, clever 2
a: no special abilities


You were on level 4 of the Dungeon.
You were hungry.

You visited 1 branch of the dungeon, and saw 4 of its levels.

You collected 212 gold pieces.

Inventory:

Hand Weapons
 a - a +0 war axe (weapon)
Armour
 b - a +0 scale mail (worn)
 c - a +0 shield (worn)
 r - the +1 leather armour of the Devil's Advocate {rElec Str-5 Int+10}
   (You found it on level 4 of the Dungeon)

   It affects your strength (-5).
   It affects your intelligence (+10).
   It insulates you from electricity.
Scrolls
 g - 2 scrolls of recharging {unknown}
 i - a scroll of random uselessness {unknown}
 n - 3 scrolls of teleportation {unknown}
 o - a scroll of enchant weapon {unknown}
 q - a scroll of remove curse {unknown}
 s - a scroll of immolation {unknown}
Potions
 f - 2 potions of mutation
 j - a potion of degeneration
 k - a potion of agility {unknown}
 m - a potion of lignification {unknown}
 p - a potion of poison {unknown}
Books
 h - a book of the Earth

   Spells                             Type                      Level
   a - Leda's Liquefaction            Hexes/Earth                  4
   b - Bolt of Magma                  Conjuration/Fire/Earth       5
   c - Statue Form                    Transmutation/Earth          6
   d - Iron Shot                      Conjuration/Earth            6
   e - Shatter                        Earth                        9
Comestibles
 e - 2 bread rations
 t - a beef jerky
 u - a meat ration


   Skills:
 + Level 5.2 Fighting
 + Level 4.3 Axes
 + Level 5.6 Armour
 + Level 2.8 Dodging
 + Level 0.3 Stealth
 + Level 5.6 Shields


You had 6 spell levels left.
You didn't know any spells.

Dungeon Overview and Level Annotations

Branches:
Dungeon (4/15)
 Temple: D:4-7

Altars:
Nemelex Xobeh
Ru


Innate Abilities, Weirdness & Mutations

You reflexively headbutt those who attack you in melee.
You have a pair of horns on your head.
You have large cloven feet.
Your mind is very acute. (Int +4)


Message History

You have reached level 7!
You are feeling hungry.
You feel sick.
The orc wizard casts a spell.
The orc wizard blinks!
The orc wizard gestures at you while chanting.
The magic dart hits you!
* * * LOW HITPOINT WARNING * * *
There is an open door here.
Items here: ) [[ †††† You feel sick.
You feel sick.
There is an open door here.
The orc wizard gestures at you while chanting.
You feel yourself slow down.
You close the door.
You feel sick.
You feel sick.
An orc wizard opens the door.
The orc wizard casts a spell at you. The magic dart hits you!
You die...

#≈≈.≈≈#...........#
#≈♣.♣≈##..........#
#≈._.≈##..........#
#≈♣.♣≈##..........# #
#≈≈o≈≈######.######
... ###'### ##..#
....###.# #.<.#
........### #.#.#
#.......@.####.#.####
..####......#.........
######...........
##.#........
#.#........
..####.#### ..## ..#
... #.# ... #


You could see an orc wizard.

Vanquished Creatures
  Menkaure (D:4)
  A phantom (D:4)
  Blork the orc (D:4)
  A scorpion (D:4)
  A centaur skeleton (D:4)
  Ijyb (D:2)
  An orc wizard (D:4)
  A worker ant (D:3)
  3 gnolls (D:3)
  4 adders
  3 oozes
  A worm (D:3)
  A giant gecko (D:1)
  3 orcs (D:4)
  4 giant cockroaches
  9 hobgoblins
  6 kobolds
  A ball python (D:1)
  10 bats
  4 giant newts
  6 goblins
  12 jackals
  A quokka (D:3)
  6 rats
82 creatures vanquished.

Notes
Turn   | Place    | Note
--------------------------------------------------------------
     0 | D:1      | RKaid the Minotaur Fighter began the quest for the Orb.
     0 | D:1      | Reached XP level 1. HP: 19/19 MP: 0/0
    34 | D:1      | Reached skill level 4 in Fighting
    41 | D:1      | Reached XP level 2. HP: 20/27 MP: 1/1
   718 | D:2      | Reached XP level 3. HP: 33/33 MP: 2/2
   920 | D:2      | Found a sparkling altar of Nemelex Xobeh.
   955 | D:2      | Noticed Ijyb
   972 | D:2      | Killed Ijyb
   972 | D:2      | Reached XP level 4. HP: 25/41 MP: 3/3
  1351 | D:2      | Reached skill level 1 in Dodging
  1675 | D:3      | Reached XP level 5. HP: 5/47 MP: 4/4
  2284 | D:3      | Reached skill level 5 in Armour
  2427 | D:4      | Noticed a phantom
  2513 | D:4      | Got a slimy leather armour
  2526 | D:4      | Killed a phantom
  2526 | D:4      | Reached skill level 5 in Shields
  2526 | D:4      | Reached XP level 6. HP: 53/53 MP: 5/5
  2550 | D:4      | Identified the +1 leather armour of the Devil's Advocate {rElec Str-5 Int+10} (You found it on level 4 of the Dungeon)
  2611 | D:4      | Found a sacrificial altar of Ru.
  2619 | D:4      | Noticed Blork the orc
  2621 | D:4      | Noticed Menkaure
  2634 | D:4      | Gained mutation: Your mind is acute. (Int +2) [potion of mutation]
  2634 | D:4      | Gained mutation: You have large cloven feet. [potion of mutation]
  2634 | D:4      | Gained mutation: Your mind is very acute. (Int +4) [potion of mutation]
  2638 | D:4      | Killed Blork the orc
  2642 | D:4      | Killed Menkaure
  2642 | D:4      | Reached skill level 5 in Fighting
  2648 | D:4      | Reached XP level 7. HP: 16/61 MP: 6/6
  2659 | D:4      | Killed from afar by an orc wizard

Action                   |  1- 3 |  4- 6 |  7- 9 || total
-------------------------+-------+-------+-------++-------
Melee: War axe           |    86 |   138 |       ||   224
  Use: Potion            |       |     5 |       ||     5
  Eat: Chunk             |       |     2 |       ||     2
       Royal jelly       |       |     1 |       ||     1
       Beef jerky        |       |     1 |       ||     1
